AoeStats
← Iguano Pop

Arabia

506276667Analyzed
1v1 RM · 20d ago on Sep 13, 2026· 34m 27s· 2 players
Game mode
Random Map
Map size
Tiny (2 player)
Population
200
Speed
Normal
Resources
Standard
Victory
Conquest
Starting age
Dark Age
Ending age
Imperial Age
RankedLock teamsTeams togetherTeam positionsShared explorationLock speedFull tech treeHidden civsTurbo modeCheats
Victory
Defeat
🇨🇦 Cumans · Canada
1273
+18
🇲🇽 Lithuanians · Mexico
1311
-18
Al Qaex (FR/QC)
8:28 Loom
10:13 Feudal Age
10:03 Loom
22:20 Castle Age
20:33 Double-Bit Axe
21:43 Forging
24:57 Man-at-Arms
25:41 Scale Mail Armor
25:52 Long Swordsman
29:26 Arson
31:18 Squires
31:33 Horse Collar
32:43 Bloodlines
32:52 Bow Saw
33:20 Scale Barding Armor
33:35 Heavy Plow
Iguano Pop
6:54 Loom
9:22 Feudal Age
9:52 Double-Bit Axe
22:16 Forging
26:06 Town Watch
26:46 Fletching
Connection lost

Rejoining the realm…

Still unreachable

The connection could not be restored.

Session expired

The server has moved on; the page needs a fresh start.